 Dungeon Crawl Stone Soup version 0.32-a0-391-gce5c0aab1b (webtiles) character file.

Game seed: 4216710621254915220

1078 2tousent the Shield-Bearer (level 8, -1/63 HPs)
             Began as a Formicid Fighter on Feb 19, 2024.
             Slain by a green ugly thing (6 damage)
             ... on level 7 of the Dungeon.
             The game lasted 00:06:17 (5239 turns).

2tousent the Shield-Bearer (Formicid Fighter)       Turns: 5239, Time: 00:06:18

Health: -1/63      AC: 15    Str: 20 (23) XL:     8   Next: 54%
Magic:  8/8        EV:  7    Int:  5 (8)  God:
Gold:   393        SH:  9    Dex: 12 (13) Spells: 7/7 levels left

rFire   . . .        a - +0 war axe
rCold   . . .        c - +0 buckler
rNeg    . . .        f - +0 chain mail
rPois   .            (helmet unavailable)
rElec   .            j - +1 cloak
rCorr   .            (no gloves)
SInv    +            o - +0 pair of boots
Will    .....        (no amulet) Stlth
                     (no ring)
HPRegen 0.30/turn    (no ring)
MPRegen 0.11/turn

%: no passive effects
@: mighty
A: permanent stasis, dig shafts and tunnels, antennae 3, four strong arms,
iridescent scales 1, large bone plates 1
a: Dig, Shaft Self


You were on level 7 of the Dungeon.
You visited 1 branch of the dungeon, and saw 7 of its levels.

You collected 393 gold pieces.

Inventory:

Hand Weapons
 a - a +0 war axe (weapon)
Missiles
 l - 2 throwing nets
Armour
 b - a +0 scale mail
 c - a +0 buckler (worn)
 f - a +0 chain mail (worn)
 j - a +1 cloak (worn)
 o - a +0 pair of boots (worn)
Jewellery
 i - a ring of fire
Wands
 n - a wand of acid (2)
 p - a wand of roots (7)
Scrolls
 m - 2 scrolls of vulnerability
 q - a scroll of fear {unknown}
 s - 2 scrolls of identify
 t - a scroll of fog {unknown}
 u - a scroll of immolation {unknown}
Potions
 d - a potion of might
 e - a potion of enlightenment
 g - 2 potions of haste
 h - a potion of lignification
 k - 2 potions of attraction


   Skills:
 + Level 5.6 Fighting
 * Level 6.1 Axes
 + Level 5.5 Armour
 + Level 6.7 Shields
 + Level 1.7 Evocations


You had 7 spell levels left.
You didn't know any spells.
Your spell library contained the following spells:

 Spells                   Type           Power      Damage    Failure   Level
 Apportation              Tloc           0%         N/A       99%         1
 Freeze                   Ice            0%         1d3       99%         1
 Magic Dart               Conj           0%         1d3       99%         1
 Necrotise                Necr           0%         1d4       99%         1
 Sting                    Conj/Alch      0%         1d3       99%         1
 Summon Small Mammal      Summ           0%         N/A       99%         1
 Call Imp                 Summ           0%         N/A       100%        2
 Jinxbite                 Hex            0%         N/A       100%        2
 Mercury Vapours          Alch/Air       0%         N/A       100%        2
 Frozen Ramparts          Ice            0%         1d1       100%        3
 Hailstorm                Conj/Ice       0%         3d5       100%        3
 Olgreb's Toxic Radiance  Alch           0%         N/A       100%        4
 Yara's Violent Unravell  Hex/Alch       0%         3d3       100%        5
 Enfeeble                 Hex            0%         N/A       100%        7
 Blink                    Tloc           Unusable   N/A       N/A         2

Dungeon Overview and Level Annotations

Branches:
Dungeon (7/15)
 Temple: D:4-7

Altars:
Trog

Shops:
D:5 =


Innate Abilities, Weirdness & Mutations

You cannot be hasted, slowed, berserked, paralysed or teleported.
You can dig through walls and to a lower floor.
You have a pair of large antennae on your head. (SInv)
Your four strong arms can wield two-handed weapons with a shield.
You are partially covered in iridescent scales. (AC +2)
You are partially covered in large bone plates. (SH +4)


Message History

You hit the kobold.
You kill the kobold!
You feel very sick.
You slash the kobold!
You kill the kobold!
You feel sick. The white imp gestures at you. The puff of frost hits you.
You feel sick.
Things that are here:
a +0 mace; a +1 short sword of venom; a kobold corpse You feel sick.
The green ugly thing attacks as it pursues you!
You block the green ugly thing's attack.
You feel very mighty all of a sudden.
You feel sick.
The green ugly thing stings you but does no damage.
You closely miss the green ugly thing.
You feel sick. The green ugly thing stings you!
The green ugly thing stings you but does no damage.
You barely miss the green ugly thing.
You feel sick.
You are no longer poisoned.
The green ugly thing stings you!
You closely miss the green ugly thing. The green ugly thing stings you!
* * * LOW HITPOINT WARNING * * *
You slash the green ugly thing!
The green ugly thing is lightly wounded.
The green ugly thing stings you but does no damage.
You barely miss the green ugly thing.
The green ugly thing is lightly wounded.
You block the green ugly thing's attack.
The white imp laughs crazily.
The green ugly thing stings you!
* * * LOW HITPOINT WARNING * * *
It was a potion of degeneration.
There was something very wrong with that liquid.
You feel weakened.
You feel dopey.
You feel clumsy.
The white imp shouts, "Return whence thou came, thou villainous sow-suckled prigger-of-prances!"
The green ugly thing stings you.
You die...

#..# #......#..
#.## ###.##.#.#
#.# #.##.#.#
#.# #......#
#.#######
####.###
#........ #.#
#######.##.##.#
#.# #.......# #
... #.#####@#
... #u# .#.#
#S# ...#


{{KcK { {FO## .#5## #... # .. ... You could see a green ugly thing, a water
moccasin, an ogre, a bullfrog, a centaur, a white imp and 2 kobolds.

Vanquished Creatures
  A water moccasin (D:6)
  A black bear (D:6)
  An ogre (D:5)
  A phantom (D:6)
  2 bombardier beetles
  3 hounds
  4 orc priests (D:5)
  A sleepcap (D:7)
  An iguana (D:5)
  An orc wizard (D:5)
  11 gnolls
  6 adders
  2 white imps (D:6)
  6 ufetubi (D:5)
  A dart slug (D:2)
  3 orcs (D:5)
  2 bats
  7 endoplasms
  7 giant cockroaches
  10 goblins
  4 hobgoblins
  4 jackals (D:1)
  6 quokkas
  12 ball pythons
  2 frilled lizards
  6 kobolds
  3 rats
108 creatures vanquished.

Notes
Turn   | Place    | Note
-------+----------+-------------------------------------------
     0 | D:1      | 2tousent the Formicid Fighter began the quest for the Orb.
     0 | D:1      | Reached XP level 1. HP: 18/18 MP: 1/1
    29 | D:1      | Reached XP level 2. HP: 23/24 MP: 2/2
    79 | D:1      | Found a faded altar of an unknown god.
   223 | D:1      | Reached XP level 3. HP: 29/29 MP: 3/3
   877 | D:1      | Reached XP level 4. HP: 37/37 MP: 4/4
  1353 | D:2      | Reached XP level 5. HP: 27/42 MP: 5/5
  1861 | D:3      | Identified the +3 leather armour "Ducistri" {rF+ rC+}
  2072 | D:3      | Reached skill level 5 in Shields
  2196 | D:3      | Reached XP level 6. HP: 36/48 MP: 6/6
  2340 | D:3      | Found a bloodstained altar of Trog.
  3092 | D:5      | Entered Level 5 of the Dungeon
  3432 | D:5      | Reached XP level 7. HP: 54/55 MP: 7/7
  3543 | D:5      | Reached skill level 5 in Axes
  3547 | D:5      | Reached skill level 5 in Fighting
  3547 | D:5      | Reached skill level 5 in Armour
  3547 | D:5      | Gained mutation: You are partially covered in large bone
                  | plates. (SH +4) [potion of mutation]
  3547 | D:5      | Gained mutation: You are partially covered in iridescent
                  | scales. (AC +2) [potion of mutation]
  3764 | D:5      | Found Xuce's Jewellery Shop.
  4454 | D:6      | Reached XP level 8. HP: 56/62 MP: 8/8
  4497 | D:6      | Reached skill level 1 in Evocations
  5224 | D:7      | Noticed a green ugly thing
  5239 | D:7      | Slain by a green ugly thing

Illustrated notes

Levels and vault maps discovered:
D:1:      minmay_arrival_semitransparent, layout_basic,
          ebering_ecumenical_altar_rust
D:2:      layout_loops_ring, minmay_pentomino_u2
D:3:      layout_basic, lemuel_crystal_altar
D:4:      layout_loops_cross
D:5:      layout_loops_ring, serial_shops, nicolae_shop_gaudy_bauble,
          minmay_door_square, roderic_serpentine_path, minmay_holes
D:6:      layout_cave_pools, bh_walls_and_bars
D:7:      layout_loops_cross, minmay_temple_entry_drinking_statues,
          minmay_manual_mail, uniq_jeremiah

Skill      XL: |  1  2  3  4  5  6  7  8 |
---------------+-------------------------+-----
Axes           | 3 4 5 6 |  6.1
Armour         | 4 5 |  5.5
Fighting       | 4 5 |  5.6
Shields        | 5 6 |  6.7
Evocations     | 1 |  1.7

Action                     |  1- 3 |  4- 6 |  7- 9 || total
---------------------------+-------+-------+-------++-------
  Melee: War axe           |    58 |   168 |   156 ||   382
    Use: Scroll            |       |     8 |       ||     8
         Potion            |       |       |     3 ||     3
 Armour: Scale mail        |    13 |       |       ||    13
         Chain mail        |    23 |   130 |   115 ||   268
  Dodge: Dodged            |    41 |   100 |    56 ||   197
  Block: Buckler           |    18 |    51 |    74 ||   143

Table legend: (Time is in decaauts)
 A = Elapsed time spent in this place.
 B = Non-inter-level travel time spent in this place.
 C = Inter-level travel time spent in this place.
 D = Time resting spent in this place.
 E = Time spent auto-exploring this place.
 F = Levels seen in this place.
 G = Mean time per level.
                   A        B        C        D        E       F      G
               +--------+--------+--------+--------+--------+-----+--------+
         Total |   5356 |   5124 |    232 |     59 |   4177 |   7 |  765.1 |
       Dungeon |   5356 |   5124 |    232 |     59 |   4177 |   7 |  765.1 |
               +--------+--------+--------+--------+--------+-----+--------+

Top non-repeatable levels by time:
     D:5: 1339 daAuts
     D:1: 1064 daAuts
     D:2: 836 daAuts
     D:6: 773 daAuts
     D:3: 694 daAuts
     D:4: 558 daAuts
     D:7: 89 daAuts
